 Dungeon Crawl Stone Soup version 0.30-a0-365-ge7f957f1db (webtiles) character file.

Game seed: 15583106965563283805

72 mopl the Ruffian (level 4, 0/35 HPs)
             Began as a Mummy Fighter on Nov 16, 2022.
             Slain by Natasha (3 damage)
             ... on level 2 of the Dungeon.
             The game lasted 00:01:32 (865 turns).

mopl the Ruffian (Mummy Fighter)                     Turns: 865, Time: 00:01:33

Health: 0/35       AC:  7    Str: 21    XL:     4   Next: 6%
Magic:  4/4        EV: 13    Int:  7    God:
Gold:   44         SH:  4    Dex: 11    Spells: 3/3 levels left

rFire   x . .      SeeInvis .      - Unarmed
rCold   + . .      Faith    +    b - +0 buckler
rNeg    + + +      Spirit   .    a - +0 scale mail
rPois   ∞          Reflect  .    (no helmet)
rElec   .          Harm     .    e - +0 cloak
rCorr   .          Rampage  .    (no gloves)
Will    .....                    (no boots)
Stlth   ..........               c - amulet of regeneration
HPRegen 1.05/turn                g - +4 ring of evasion
MPRegen 0.09/turn                (no ring)

@: about to teleport
A: cold resistance 1, negative energy resistance 3, torment resistance 2, heat
vulnerability 1, in touch with death 1, no potions, faith
a: no special abilities


You were on level 2 of the Dungeon.
You visited 1 branch of the dungeon, and saw 2 of its levels.

You collected 44 gold pieces.

Inventory:

Armour
 a - a +0 scale mail (worn)
 b - a +0 buckler (worn)
 e - a +0 cloak (worn)
Jewellery
 c - an amulet of regeneration (around neck)
 f - an amulet of guardian spirit
 g - a +4 ring of evasion (left hand)


   Skills:
 - Level 3.0 Fighting
 - Level 2.4 Armour
 - Level 2.4 Shields
 + Level 3.6 Unarmed Combat


You had 3 spell levels left.
You didn't know any spells.
Your spell library was empty.

Dungeon Overview and Level Annotations

Branches:
Dungeon (2/15)

Altars:

Annotations:
D:2 Natasha


Innate Abilities, Weirdness & Mutations

You are immune to poison.
Your flesh is cold resistant. (rC+)
You are immune to negative energy. (rN+++)
You are immune to unholy pain and torment.
You are vulnerable to heat. (rF-)
You are in touch with the powers of death.
You do not drink.
You have a special connection with the divine. (Faith)


Message History

Natasha is lightly wounded.
The crimson imp hits you but does no damage.
You block the white imp's attack. Natasha closely misses you.
Unknown command.
You barely miss Natasha.
Natasha is lightly wounded.
The crimson imp blinks!
The white imp barely misses you. Natasha claws you.
Unknown command.
You hit Natasha.
Natasha is moderately wounded.
The white imp gestures at you. The puff of frost hits you. You resist.
Natasha claws you.
You hit Natasha.
Natasha is heavily wounded.
The white imp barely misses you. Natasha claws you but does no damage.
Unknown command.
You closely miss Natasha.
Natasha is heavily wounded.
The white imp gestures at you. The puff of frost misses you. Natasha claws you.
* * * LOW HITPOINT WARNING * * *
Unknown command.
You hit Natasha but do no damage.
Natasha is heavily wounded.
The white imp gestures at you. The puff of frost hits you. You resist.
* * * LOW HITPOINT WARNING * * *
Natasha zaps a wand.
The puff of flame hits you. The fire burns you terribly!
* * * LOW HITPOINT WARNING * * *
You can't drink.
Unknown command.
As you read the scroll labelled PYLURE ASYHO, it crumbles to dust.
You feel strangely unstable.
It was a scroll of teleportation.
The white imp disappears in a puff of smoke!
You block Natasha's attack.
Unknown command.
The crimson imp laughs crazily.
There is a stone staircase leading up here.
Natasha attacks as you move away! Natasha claws you.
You die...

. .# . #. .#
### ..#.# ..
...
.....###.##..#
......#...#..#
........#....#
...!....5§.#.#
.......@h....#
..#.##.....###
##...## #...#
..... .......
#.....##
##...##


You could see Natasha and a crimson imp (summoned).

Vanquished Creatures
  Terence (D:1)
  An adder (D:1)
  2 dart slugs (D:1)
  6 ball pythons (D:1)
  5 bats (D:1)
  3 endoplasms
  3 hobgoblins (D:1)
  2 quokkas (D:1)
  3 frilled lizards (D:1)
  2 goblins (D:1)
  4 kobolds (D:1)
  2 rats (D:1)
34 creatures vanquished.

Notes
Turn   | Place    | Note
-------+----------+-------------------------------------------
     0 | D:1      | mopl the Mummy Fighter began the quest for the Orb.
     0 | D:1      | Reached XP level 1. HP: 18/18 MP: 1/1
    87 | D:1      | Reached skill level 2 in Unarmed Combat
   123 | D:1      | Reached XP level 2. HP: 24/24 MP: 2/2
   486 | D:1      | Gained mutation: You are in touch with the powers of death.
                  | [Mummy growth]
   486 | D:1      | Reached XP level 3. HP: 27/29 MP: 3/3
   608 | D:1      | Reached skill level 3 in Unarmed Combat
   790 | D:2      | Noticed Terence
   790 | D:2      | Noticed Natasha
   836 | D:1      | Killed Terence
   837 | D:1      | Reached XP level 4. HP: 35/35 MP: 4/4
   862 | D:2      | HP: 1/35 [Natasha/puff of flame (4)]
   865 | D:2      | Slain by Natasha

Illustrated notes

Levels and vault maps discovered:
D:1:      scummos_arrival_hexagon, layout_loops_ring, minmay_pentomino_q4
D:2:      layout_loops_ring, uniq_terence, uniq_natasha

Skill      XL: |  1  2  3 |
---------------+----------+-----
Unarmed Combat | 2 3 |  3.6
Fighting       | |  3.0
Armour         | |  2.4
Shields        | |  2.4

Action                   |  1- 3 |  4- 6 || total
-------------------------+-------+-------++-------
Melee: Unarmed           |   162 |    19 ||   181
  Use: Scroll            |       |     1 ||     1
Armor: Scale mail        |    59 |     5 ||    64
Dodge: Dodged            |   117 |    13 ||   130
Block: Buckler           |    46 |     3 ||    49

Table legend: (Time is in decaauts)
 A = Elapsed time spent in this place.
 B = Non-inter-level travel time spent in this place.
 C = Inter-level travel time spent in this place.
 D = Time resting spent in this place.
 E = Time spent auto-exploring this place.
 F = Levels seen in this place.
 G = Mean time per level.
                   A        B        C        D        E       F      G
               +--------+--------+--------+--------+--------+-----+--------+
         Total |    863 |    833 |     30 |      0 |    499 |   2 |  431.5 |
       Dungeon |    863 |    833 |     30 |      0 |    499 |   2 |  431.5 |
               +--------+--------+--------+--------+--------+-----+--------+

Top non-repeatable levels by time:
     D:1: 835 daAuts
     D:2: 27 daAuts
